 Dungeon Crawl Stone Soup version 0.20-a0-548-g4f8a798 (webtiles) character file.

100 Lahna the Ducker (level 5, 0/33 HPs)
             Began as a Kobold Berserker on Feb 1, 2017.
             Was a Believer of Trog.
             Slain by an iron imp (3 damage)
             ... summoned by Natasha
             ... on level 2 of the Dungeon.
             The game lasted 00:02:52 (1518 turns).

Lahna the Ducker (Kobold Berserker)                 Turns: 1518, Time: 00:02:53

Health: 0/33       AC:  5    Str: 16    XL:     5   Next: 3%
Magic:  5/5        EV: 15    Int:  8    God:    Trog [**....]
Gold:   52         SH:  0    Dex: 14    Spells: 4/4 levels left

rFire    . . .     SeeInvis .   a - +0 mace
rCold    . . .     Gourm    .   e - +0 ring mail
rNeg     . . .     Faith    .   (shield restricted)
rPois    .         Spirit   .   (no helmet)
rElec    .         Reflect  .   (no cloak)
rCorr    .         Harm     .   (no gloves)
MR       .....                  (no boots)
Stlth    +.........             (no amulet)
Regen    0.2/turn               (no ring)
                                (no ring)

@: lethally poisoned (0 -> -6), slowed, very slow
A: carnivore 3
a: Berserk, Trog's Hand, Burn Spellbooks, Renounce Religion


You were on level 2 of the Dungeon.
You worshipped Trog.
Trog was pleased with you.
You were completely stuffed.

You visited 1 branch of the dungeon, and saw 2 of its levels.

You collected 52 gold pieces.

Inventory:

Hand Weapons
 a - a +0 mace (weapon)
Armour
 e - a +0 ring mail (worn)
Scrolls
 h - a scroll of remove curse {unknown}
 j - a scroll of recharging {unknown}
 k - 2 scrolls of identify {unknown}
 l - a scroll of enchant weapon {unknown}
Potions
 b - a potion of haste {unknown}
 d - 2 potions of cure mutation {unknown}
 g - a potion of might {unknown}
 i - 2 potions of brilliance {unknown}
Comestibles
 c - 3 meat rations
 f - 9 chunks of flesh


   Skills:
 + Level 3.8 Fighting
 + Level 3.3 Maces & Flails
 + Level 2.3 Armour
 + Level 3.9 Dodging


You had 4 spell levels left.
You didn't know any spells.

Dungeon Overview and Level Annotations

Branches:
Dungeon (2/15)

Altars:
Okawaru
Sif Muna
Trog

Annotations:
D:2 Natasha


Innate Abilities, Weirdness & Mutations

You are small and have problems with some larger weapons.
You are carnivorous and can eat meat at any time.


Message History

An adder comes into view.
The adder hisses angrily.
Natasha casts a spell at you. The magic dart hits you!
A jackal comes into view.
The jackal barks!
The shadow imp gestures at you. Pain shoots through your body!
Natasha claws you but does no damage. The iron imp closely misses you.
You hit Natasha.
Natasha is lightly wounded.
Natasha claws you!
* * * LOW HITPOINT WARNING * * *
The iron imp hits you.
* * * LOW HITPOINT WARNING * * *
The adder bites you.
* * * LOW HITPOINT WARNING * * *
You are lethally poisoned!
The adder poisons you! Natasha closely misses you. The iron imp hits you.
You die...

▒..............▒▒.........▒.......
▒..............▒▒...h.....▒.......
▒..............▒▒)........▒...<...
▒..............▒▒.......).▒.......
▒..............▒▒...<.....▒.▒▒▒▒▒▒
▒.........................'......▒
▒.........................▒▒.....▒
▒..............hS5........▒▒.....▒
▒..............5@h▒▒▒▒▒▒▒▒▒▒..>...
▒.................▒▒▒▒ ▒......
▒..............▒▒....▒ ▒▒▒....
▒.).▒▒▒▒.......▒▒.▒▒.▒ ▒....
▒▒..▒▒ ▒▒▒▒▒▒▒▒▒▒.▒▒.▒ ▒▒▒▒▒▒▒..
.....▒▒▒ ▒.▒▒.▒ ▒.......▒
.▒+▒...▒▒▒▒▒▒▒▒▒▒▒.▒▒.▒
▒▒▒.......▒ ▒▒..............▒▒.▒
▒..........
▒..▒▒▒▒▒▒▒▒▒▒▒....▒▒▒..........


You could see an iron imp, Natasha, an adder, a shadow imp and 2 jackals.

Vanquished Creatures
  Natasha (D:2)
  3 adders (D:2)
  2 worms (D:2)
  4 giant cockroaches
  3 goblins
  6 hobgoblins
  A jackal (D:2)
  8 bats
  5 frilled lizards (D:1)
  5 kobolds
  8 rats
46 creatures vanquished.

Notes
Turn   | Place    | Note
-------+----------+-------------------------------------------
     0 | D:1      | Lahna the Kobold Berserker began the quest for the Orb.
     0 | D:1      | Reached XP level 1. HP: 14/14 MP: 1/1
    89 | D:1      | Reached XP level 2. HP: 13/19 MP: 2/2
   543 | D:1      | Reached XP level 3. HP: 23/23 MP: 3/3
   643 | D:1      | Reached ** piety under Trog
   688 | D:2      | Found a faded altar of an unknown god.
   704 | D:2      | Found a deep blue altar of Sif Muna.
   761 | D:2      | Found a bloodstained altar of Trog.
  1190 | D:2      | Noticed Natasha
  1195 | D:2      | Killed Natasha
  1195 | D:2      | Reached XP level 4. HP: 22/29 MP: 4/4
  1199 | D:2      | Found an iron altar of Okawaru.
  1411 | D:2      | Reached XP level 5. HP: 31/33 MP: 5/5
  1513 | D:2      | Noticed Natasha
  1518 | D:2      | Slain by an iron imp

Vault maps used:
D:1:      dpeg_arrival_rooms_b, minmay_pentomino_s4
D:2:      nicolae_overflow_crystal_walls, marbit_many_paths,
          lemuel_doored_altar, chequers_ecumenical_altar_simple,
          minmay_divided_ellipse, uniq_natasha

Skill      XL: |  1  2  3 |
---------------+----------+-----
Maces & Flails | 3 |  3.3
Dodging        | 3 |  3.9
Armour         | 2 |  2.3
Fighting       | |  3.8

Action                   |  1- 3 |  4- 6 || total
-------------------------+-------+-------++-------
Melee: Mace              |   115 |    28 ||   143
 Stab: Sleeping          |     2 |       ||     2
  Eat: Chunk             |     9 |     2 ||    11
Armor: Animal skin       |    17 |       ||    17
       Ring mail         |    31 |     6 ||    37
Dodge: Dodged            |   129 |    29 ||   158
